 Dungeon Crawl Stone Soup version 0.19-a0-1834-g6b7851e (webtiles) character file.

88 dobroeutro the Ruffian (level 4, -6/45 HPs)
             Began as a Troll Monk on Oct 9, 2016.
             Mangled by dobroeutro's ghost (13 damage)
             ... on level 3 of the Dungeon.
             The game lasted 00:02:41 (2076 turns).

dobroeutro the Ruffian (Troll Monk)                 Turns: 2076, Time: 00:02:41

Health: -6/45      AC:  3    Str: 20    XL:     4   Next: 29%
Magic:  3/3        EV: 10    Int:  6    God:
Gold:   131        SH:  0    Dex: 12    Spells: 0 memorised, 3 levels left

rFire  + . .     SeeInvis .       - Unarmed
rCold  . . .     Gourm    +     a - +1 robe
rNeg   . . .     Faith    .     (no shield)
rPois  .         Spirit   .     (helmet restricted)
rElec  .         Dismiss  .     (no cloak)
rCorr  .         Reflect  .     (gloves unavailable)
MR     .....     Harm     .     (boots unavailable)
Stlth  ++........               (no amulet)
                                m - -3 ring of protection (curse)
                                h - ring of protection from fire

@: no status effects
A: unfitting armour, claws 3, fast metabolism 3, gourmand, regeneration 1,
shaggy fur 1, tough skin 2
a: no special abilities


You were on level 3 of the Dungeon.
You were very full.

You visited 1 branch of the dungeon, and saw 3 of its levels.

You collected 131 gold pieces.

Inventory:

Armour
 a - a +1 robe (worn)
Jewellery
 h - a ring of protection from fire (left claw)
 m - a cursed -3 ring of protection (right claw)
 o - an uncursed ring of positive energy {unknown}
 p - an uncursed ring of resist corrosion {unknown}
Scrolls
 e - a scroll of magic mapping
 g - 2 scrolls of identify
 q - a scroll of amnesia
Potions
 c - a potion of brilliance
 d - 4 potions of curing {unknown}
 j - a potion of flight {unknown}
 k - a potion of beneficial mutation {unknown}
 l - a potion of invisibility {unknown}
 n - 2 potions of lignification {unknown}
 r - a potion of heal wounds {unknown}
Comestibles
 b - 2 bread rations
 f - a meat ration


   Skills:
 + Level 3.2 Fighting
 - Level 2.4 Dodging
 - Level 1.0 Stealth
 * Level 4.4 Unarmed Combat


You had 3 spell levels left.
You didn't know any spells.

Dungeon Overview and Level Annotations

Branches:
Dungeon (3/15)

Altars:
Kikubaaqudgha
The Shining One

Annotations:
D:3 dobroeutro's ghost, amateur TrMo


Innate Abilities, Weirdness & Mutations

You are too large for most types of armour.
You have claws for hands.
Your metabolism is lightning-fast.
You like to eat raw meat.
Your natural rate of healing is unusually fast.
You are covered in fur. (AC +1)
You have very tough skin. (AC +2)


Message History

The adder barely misses you. The orc hits you with a flail.
The jackal bites you.
You barely miss the adder.
The adder is lightly wounded.
The jackal bites you. The adder closely misses you.
The orc hits you with a flail!
You claw the adder!
You kill the adder!
The jackal closely misses you. Dobroeutro's ghost closely misses you.
The jackal bites you but does no damage.
The orc hits you with a flail.
You barely miss dobroeutro's ghost. Your claw misses dobroeutro's ghost.
The jackal bites you. Dobroeutro's ghost hits you.
* * * LOW HITPOINT WARNING * * *
The jackal bites you.
* * * LOW HITPOINT WARNING * * *
The jackal bites you.
* * * LOW HITPOINT WARNING * * *
Dobroeutro's ghost hits you!
You die...

*,,,* #..#...................
*,,,* #..#.....###.#.#.#.###.
***** #..#.....# #.#.#.#.##*>
***** **#*#..#...### #.#.#.#..#*,
,,,,* *,.....#...# #.#.#..#.#**
,,,,* *,.....#...# #.#.##.#.###
,,,,* *,.....#...# #<#.........
,,,,* *,.....#...##########..#.##
,,,,***,.......W@................
,,,,+,+,,...###h############.#.##
,,,,***,,,,#.hho.og...# #.#.#
***** *,.......h#####.#****#...##
**#.......<****,*,,,*##....
#.......#*,,,,,,,,* #....
####....#*,,,,,,,,* #....
#?...#*,,,,,,,,* ##..#
####.#*,,,,,,,,* #..#


You could see dobroeutro's ghost, an orc and 4 jackals.

Vanquished Creatures
  2 adders
  An ooze (D:2)
  2 dart slugs (D:2)
  4 leopard geckos
  7 bats
  4 giant cockroaches
  5 goblins
  8 hobgoblins
  3 jackals (D:2)
  A quokka (D:2)
  A ball python (D:2)
  3 frilled lizards
  6 kobolds
  11 rats
58 creatures vanquished.

Notes
Turn   | Place    | Note
-------+----------+-------------------------------------------
     0 | D:1      | dobroeutro the Troll Monk began the quest for the Orb.
     0 | D:1      | Reached XP level 1. HP: 22/22 MP: 0/0
   208 | D:1      | Reached XP level 2. HP: 29/29 MP: 1/1
   779 | D:2      | Found a glowing golden altar of the Shining One.
   872 | D:2      | Reached XP level 3. HP: 36/36 MP: 2/2
  1115 | D:2      | Reached skill level 4 in Unarmed Combat
  1145 | D:2      | Found an ancient bone altar of Kikubaaqudgha.
  1405 | D:2      | Reached XP level 4. HP: 43/45 MP: 3/3
  2067 | D:3      | Noticed dobroeutro's ghost (amateur TrMo)
  2076 | D:3      | Mangled by dobroeutro's ghost

Vault maps used:
D:1:      dpeg_arrival_prison
D:2:      lemuel_crystal_altar, nicolae_overflow_crystal_walls

Skill      XL: |  1  2  3 |
---------------+----------+-----
Unarmed Combat | 4 |  4.4
Fighting       | 3 |  3.2
Dodging        | |  2.4
Stealth        | |  1.0

Action                   |  1- 3 |  4- 6 || total
-------------------------+-------+-------++-------
Melee: Unarmed           |   112 |    33 ||   145
       Punch             |     1 |       ||     1
  Use: Scroll            |     5 |     2 ||     7
 Stab: Sleeping          |     5 |       ||     5
  Eat: Chunk             |    18 |     6 ||    24
Armor: Robe              |    38 |     7 ||    45
Dodge: Dodged            |    51 |    17 ||    68
